 Dungeon Crawl Stone Soup version 0.29.1-12-g30fa7ad0bf (webtiles) character file.

Game seed: 9547151425124932117

4 mortz the Trooper (level 1, -3/14 HPs)
             Began as a Gargoyle Monk on Dec 14, 2022.
             Frozen to death by an endoplasm (5 damage)
             ... on level 1 of the Dungeon.
             The game lasted 00:01:26 (259 turns).

mortz the Trooper (Gargoyle Monk)                    Turns: 259, Time: 00:01:26

Health: -3/14      AC: 10    Str: 14    XL:     1   Next: 70%
Magic:  1/1        EV:  6    Int: 10    God:
Gold:   0          SH:  0    Dex: 12    Spells: 0/0 levels left

rFire   . . .      SeeInvis .   a - +0 mace
rCold   . . .      Faith    .   (no shield)
rNeg    + . .      Spirit   .   d - +0 chain mail
rPois   ∞          Reflect  .   (no helmet)
rElec   +          Harm     .   (no cloak)
rCorr   .          Rampage  .   (no gloves)
Will    .....                   (no boots)
Stlth   ..........              (no amulet)
HPRegen 0.04/turn               (no ring)
MPRegen 0.07/turn               (no ring)

@: no status effects
A: sickness immunity, AC +2, negative energy resistance 1, electricity
resistance, torment resistance 1, petrification resistance
a: no special abilities


You were on level 1 of the Dungeon.
You visited 1 branch of the dungeon, and saw 1 of its levels.

Inventory:

Hand Weapons
 a - a +0 mace (weapon)
Armour
 b - a +0 robe
 d - a +0 chain mail (worn)
Potions
 c - a potion of ambrosia


   Skills:
 * Level 3.5 Fighting
 + Level 3.1 Maces & Flails
 - Level 2.4 Dodging
 - Level 2.1 Stealth


You couldn't memorise any spells.
You didn't know any spells.
Your spell library was empty.

Dungeon Overview and Level Annotations

Branches:
Dungeon (1/15) Zot: 5730

Altars:


Innate Abilities, Weirdness & Mutations

You are immune to sickness and miasma.
Your stone body is resilient. (AC +2)
You are immune to poison.
You resist negative energy. (rN+)
You are resistant to electric shocks. (rElec)
You are resistant to unholy torment.
You are immune to petrification.


Message History

The bat hits you.
You closely miss the bat. You barely miss the endoplasm.
The bat barely misses you. The endoplasm barely misses you.
You barely miss the endoplasm. The endoplasm barely misses you.
You hit the bat.
You kill the bat!
You hit the endoplasm but do no damage. The endoplasm barely misses you.
You hit the endoplasm.
The endoplasm is lightly wounded.
The endoplasm freezes you.
You are frozen.
You hit the endoplasm but do no damage.
The endoplasm is lightly wounded.
You barely miss the endoplasm.
The endoplasm is lightly wounded.
The endoplasm freezes you.
You are frozen.
* * * LOW HITPOINT WARNING * * *
The endoplasm barely misses you.
You are too injured to fight recklessly!
You are too injured to fight recklessly!
You are too injured to fight recklessly!
You are too injured to fight recklessly!
You are too injured to fight recklessly!
You are too injured to fight recklessly!
You are too injured to fight recklessly!
You hit the endoplasm but do no damage.
The endoplasm is lightly wounded.
The endoplasm freezes you.
You are frozen.
* * * LOW HITPOINT WARNING * * *
The endoplasm attacks as you move away! The endoplasm attacks as you move away!
The endoplasm attacks as you move away! The endoplasm barely misses you.
You hit the endoplasm.
The endoplasm is almost dead.
The endoplasm freezes you.
You are frozen.
You die...

.. ..............# ..
#.. ..#......... ...~#
#### #.##.#.......#
....#
+.~###..#.#......!#
#...# #.~≈#
#...........#
#.#.####.~~#
#..........#
......#...~#
#..........#
......'...~#
+..J.......#
......'..<~#
+.@#######.#
#~....#...~#
#†..........#
##..####.~~#
##...........!. ~#..#
#.~≈###............##.
....#
+.~###.............# #
...~#
######...#.......$.#
..~~# ##....#.......
.~≈≈#######.....#...####
.~≈###..........#...#


You could see an endoplasm.

Vanquished Creatures
  2 goblins (D:1)
  A quokka (D:1)
  A bat (D:1)
4 creatures vanquished.

Notes
Turn   | Place    | Note
-------+----------+-------------------------------------------
     0 | D:1      | mortz the Gargoyle Monk began the quest for the Orb.
     0 | D:1      | Reached XP level 1. HP: 14/14 MP: 1/1
   259 | D:1      | Frozen to death by an endoplasm

Illustrated notes

Levels and vault maps discovered:
D:1:      denvon_arrival_waterhouse, layout_basic, minmay_misc_feat_plants

Action                   || total
-------------------------++-------
Melee: Mace              ||    29
Armor: Robe              ||    10
       Chain mail        ||     9
Dodge: Dodged            ||    13
